 Dungeon Crawl Stone Soup version 0.30-a0-782-ge64f9170bb (webtiles) character file.

Game seed: 14736794638475554203

2271560 Twiddyhohoho the Slayer (level 27, 325/325 HPs)
             Began as a Demonspawn Gladiator on Feb 28, 2023.
             Was a High Priest of Ashenzari.
             Escaped with the Orb
             ... and 4 runes on Mar 4, 2023!
             The game lasted 05:36:49 (73500 turns).

Twiddyhohoho the Slayer (Demonspawn Gladiator)     Turns: 73500, Time: 05:36:50

Health: 325/325    AC: 17    Str: 31    XL:     27
Magic:  37/37      EV: 21    Int: 12    God:    Ashenzari [*****.]
Gold:   3343       SH: 21    Dex: 15    Spells: 24/46 levels left

rFire   + + .      SeeInvis +      - Unarmed
rCold   + + .      Faith    .    c - +5 kite shield of the Lashed Omen {rC+, Elem, Alch} (curse)
rNeg    + + +      Spirit   +    l - +4 Cigotuvi's embrace {Corpsefed rMiasma Drain rN+, Comp, Elem} (curse)
rPois   +          Reflect  .    u - -2 hat of the Alchemist {rElec rPois rF+ rC+ rN+ Will+ rMut rCorr, Self, Melee} (curse)
rElec   +          Harm     .    p - +2 cloak of the Restrained Sun {Will+, Comp, Alch} (curse)
rCorr   +          Rampage  .    (gloves unavailable)
rMut    +          Clarity  +    k - +2 pair of boots "Thunder Perfect Mind" {Fly, Fort, Elem} (curse)
Will    +++++                    L - amulet of the Curse-Bearer {Regen+, Bglg, Fort} (curse)
Stlth   ++                       e - ring of the Octopus King {rN+ HP+2 AC+2 EV+2 SH+2}
HPRegen 1.54/turn                a - ring of Ashenzari's Doubts {rPois rF+ Will+ Str+5 Slay-3, Self, Melee} (curse)
MPRegen 0.50/turn

@: flying, studying 4 skills
A: claws 3, ignite blood 3, robust 3, magic shield, magic regeneration, magic
link, sanguine armour 3
0: Orb of Zot
}: 4/15 runes: decaying, slimy, silver, gossamer
a: Renounce Religion, Shatter the Chains


You escaped.
You worshipped Ashenzari.
Ashenzari was extremely pleased with you.
You visited 12 branches of the dungeon, and saw 56 of its levels.
You visited the Abyss 2 times.
You also visited: Bailey, Ice Cave and Desolation.

You collected 11241 gold pieces.
You spent 7898 gold pieces at shops.

Inventory:

Missiles
 d - 3 javelins
 h - 37 boomerangs
 D - 19 silver javelins (quivered)
Armour
 c - the cursed +5 kite shield of the Lashed Omen (worn) {rC+, Elem, Alch}
   (You found it in an ice cave)

   It has a curse which improves the following skills: Elements: Fire Magic, Ice
   Magic, Air Magic and Earth Magic.
   Alchemy:   Poison Magic and Transmutations.
 k - the cursed +2 pair of boots "Thunder Perfect Mind" (worn) {Fly, Fort, Elem}
   (You found it in a bailey)

   It has a curse which improves the following skills: Fortitude: Armour and
   Shields.
   Elements:  Fire Magic, Ice Magic, Air Magic and Earth Magic.
 l - the cursed +4 Cigotuvi's embrace (worn) {Corpsefed rMiasma Drain rN+, Comp, Elem}
   (You found it on level 5 of the Pits of Slime)

   Corpsefed: It gathers nearby corpses to temporarily increase the armour it
   provides.
   rMiasma:   It protects you from foul pestilence.
   rN:        It protects you from negative energy.
   Drain:     It drains your maximum health when unequipped.
   It has a curse which improves the following skills: Companions: Summonings
   and Necromancy.
   Elements:  Fire Magic, Ice Magic, Air Magic and Earth Magic.
 p - the cursed +2 cloak of the Restrained Sun (worn) {Will+, Comp, Alch}
   (You took it off a draconian stormcaller on level 3 of the Realm of Zot)

   It has a curse which improves the following skills: Companions: Summonings
   and Necromancy.
   Alchemy:   Poison Magic and Transmutations.
 u - the cursed -2 hat of the Alchemist (worn) {rElec rPois rF+ rC+ rN+ Will+ rMut rCorr, Self, Melee}
   (You bought it in a shop on level 1 of the Depths)

   rF:        It protects you from fire.
   rC:        It protects you from cold.
   rElec:     It insulates you from electricity.
   rPois:     It protects you from poison.
   rN:        It protects you from negative energy.
   rCorr:     It protects you from acid and corrosion.
   rMut:      It protects you from mutation.
   Will:      It increases your willpower.
   It has a curse which improves the following skills: Introspection: Fighting
   and Spellcasting.
   Melee Combat: Short Blades, Long Blades, Axes, Maces & Flails, Polearms,
   Staves and Unarmed Combat.
 Z - a scarf of repulsion
Jewellery
 a - the cursed ring of Ashenzari's Doubts (right claw) {rPois rF+ Will+ Str+5 Slay-3, Self, Melee}
   (You found it on level 1 of the Swamp)

   [ring of protection from fire]

   Str:       It affects your strength (+5).
   Slay:      It affects your accuracy & damage with ranged weapons and melee
   (-3).
   rF:        It protects you from fire.
   rPois:     It protects you from poison.
   Will:      It increases your willpower.
   It has a curse which improves the following skills: Introspection: Fighting
   and Spellcasting.
   Melee Combat: Short Blades, Long Blades, Axes, Maces & Flails, Polearms,
   Staves and Unarmed Combat.
 e - a ring of the Octopus King (left claw) {rN+ HP+2 AC+2 EV+2 SH+2}
   (You found it on level 5 of the Pits of Slime)

   [ring of positive energy]

   AC:        It affects your AC (+2).
   EV:        It affects your evasion (+2).
   rN:        It protects you from negative energy.
   HP:        It affects your health (+2).
   SH:        It affects your SH (+2).
 i - the ring of the Marlin {Ice +Blink rN+ Dex+4}
   (You bought it in a shop on level 3 of the Elven Halls)

   [ring of ice]

   It enhances your ice magic.
   Dex:       It affects your dexterity (+4).
   rF:        It makes you vulnerable to fire.
   rC:        It protects you from cold.
   rN:        It protects you from negative energy.
   +Blink:    It lets you blink.
 o - the amulet "Geotuymn" {Acrobat Harm *Corrode rF++ rN+}
   (You found it on level 5 of the Pits of Slime)

   [amulet of the acrobat]

   It increases your evasion while moving and waiting.
   rF:        It greatly protects you from fire.
   rN:        It protects you from negative energy.
   *Corrode:  It may corrode you when you take damage.
   Harm:      It increases damage dealt and taken.
 I - the amulet of Yvyhi {Reflect Rampage SH+5}
   (You acquired it on level 4 of the Depths)

   [amulet of reflection]

   It reflects blocked missile attacks.
   SH:        It affects your SH (+5).
   Rampage:   It bestows one free step when moving towards enemies.
 L - the cursed amulet of the Curse-Bearer (around neck) {Regen+, Bglg, Fort}
   (You took it off a deep elf sorcerer on level 3 of the Elven Halls)

   [amulet of regeneration]

   Regen:     It increases your rate of health regeneration.
   It has a curse which improves the following skills: Beguiling: Conjurations,
   Hexes and Translocations.
   Fortitude: Armour and Shields.
 T - a +4 ring of protection
 U - a ring of protection from fire
 V - the ring of Quda {rElec EV+5 Dex+5 Slay-6 Stlth+}
   (You bought it in a shop on level 2 of the Orcish Mines)

   [ring of evasion]

   EV:        It affects your evasion (+5).
   Dex:       It affects your dexterity (+5).
   Slay:      It affects your accuracy & damage with ranged weapons and melee
   (-6).
   rElec:     It insulates you from electricity.
   Stlth:     It makes you more stealthy.
Wands
 t - a wand of mindburst (54)
 w - a wand of digging (11)
 G - a wand of roots (39)
 M - a wand of flame (83)
 Q - a wand of paralysis (51)
 W - a wand of light (29)
Scrolls
 j - 4 scrolls of fear
 n - 7 scrolls of enchant armour
 x - 4 scrolls of blinking
 y - 6 scrolls of magic mapping
 C - 5 scrolls of silence
 E - 6 scrolls of vulnerability
 H - 7 scrolls of poison
 N - 10 scrolls of fog
 P - 17 scrolls of teleportation
 Y - 13 scrolls of amnesia
Potions
 b - 3 potions of magic
 f - 18 potions of curing
 g - 12 potions of mutation
 m - 5 potions of ambrosia
 r - 4 potions of invisibility
 s - 3 potions of flight
 A - 4 potions of haste
 F - 3 potions of heal wounds
 J - 8 potions of brilliance
 K - 15 potions of lignification
 O - 2 potions of berserk rage
 R - 6 potions of resistance
 S - 11 potions of might
 X - 3 potions of cancellation
Miscellaneous
 q - a box of beasts
 v - a phial of floods
 z - a condenser vane
 B - a tin of tremorstones (2/2)


   Skills:
 + Level 24.8(27) Fighting
 - Level 3.0(5.9) Long Blades
 - Level 3.0 Throwing
 - Level 14.6(18.0) Armour
 + Level 15.4 Dodging
 - Level 8.5 Stealth
 - Level 12.1(15.5) Shields
 + Level 21.9(24.9) Unarmed Combat
 - Level 6.5(10.0) Spellcasting
 - Level 11.5(13.7) Hexes
 - Level 2.1(4.6) Summonings
 - Level 3.0(5.0) Translocations
 + Level 20.0(23.2) Transmutations
 - Level 8.6(13.1) Ice Magic
 - Level 5.0 Evocations


You had 24 spell levels left.
You knew the following spells:

 Your Spells              Type           Power      Damage    Failure   Level
a - Slow                  Hex            100%       N/A       1%          1
b - Ozocubu's Armour      Ice            37%        N/A       1%          3
c - Frozen Ramparts       Ice            74%        1d12      1%          3
d - Dragon Form           Tmut           28%        N/A       1%          7
e - Blade Hands           Tmut           28%        N/A       1%          5
f - Wereblood             Tmut           57%        N/A       0%          2
g - Apportation           Tloc           36%        N/A       2%          1

Your spell library contained the following spells:

 Spells                   Type           Power      Damage    Failure   Level
 Beastly Appendage        Tmut           100%       N/A       0%          1
 Ensorcelled Hibernation  Hex/Ice        76%        N/A       1%          2
 Confusing Touch          Hex            39%        N/A       1%          3
 Portal Projectile        Hex/Tloc       56%        N/A       1%          3
 Spider Form              Tmut/Pois      34%        N/A       1%          3
 Summon Guardian Golem    Hex/Summ       28%        N/A       1%          3
 Tukima's Dance           Hex            39%        N/A       1%          3
 Cause Fear               Hex            19%        N/A       1%          4
 Ice Form                 Ice/Tmut       49%        N/A       1%          4
 Petrify                  Tmut/Erth      34%        N/A       1%          4
 Yara's Violent Unravell  Hex/Tmut       25%        3d11      1%          5
 Ignite Poison            Fire/Tmut/Pois 25%        N/A       2%          3
 Summon Small Mammal      Summ           68%        N/A       3%          1
 Dazzling Flash           Conj/Hex       44%        N/A       3%          3
 Inner Flame              Hex/Fire       23%        N/A       3%          3
 Call Imp                 Summ           17%        N/A       4%          2
 Lesser Beckoning         Tloc           36%        N/A       4%          2
 Hailstorm                Conj/Ice       22%        3d7       4%          3
 Alistair's Intoxication  Tmut/Pois      22%        N/A       4%          5
 Irradiate                Conj/Tmut      17%        3d17      4%          5
 Summon Ice Beast         Ice/Summ       27%        N/A       5%          4
 Gell's Gravitas          Tloc           18%        N/A       9%          3
 Teleport Other           Tloc           18%        N/A       9%          3
 Call Canine Familiar     Summ           17%        N/A       10%         3
 Anguish                  Hex/Necr       11%        N/A       12%         4
 Fulminant Prism          Conj/Hex       11%        3d9       12%         4
 Leda's Liquefaction      Hex/Erth       11%        N/A       12%         4
 Summon Mana Viper        Hex/Summ       28%        N/A       14%         5
 Foxfire                  Conj/Fire      28%        2x1d5     19%         1
 Kiss of Death            Conj/Necr      24%        2d7       19%         1
 Necrotise                Necr           28%        1d5       19%         1
 Shock                    Conj/Air       28%        1d4       19%         1
 Magic Dart               Conj           24%        1d4       21%         1
 Vhi's Electric Charge    Tloc/Air       24%        N/A       21%         3
 Cigotuvi's Dreadful Rot  Necr/Pois/Air  14%        N/A       26%         2
 Poisonous Vapours        Pois/Air       14%        N/A       26%         2
 Scorch                   Fire           14%        2d5       26%         2
 Eringya's Noxious Bog    Tmut/Pois      17%        N/A       26%         6
 Statue Form              Tmut/Erth      22%        N/A       26%         6
 Kindle Blastsparks       Fire/Tloc/Air  22%        2d11      28%         3
 Searing Ray              Conj           12%        2d4       30%         2
 Silence                  Hex/Air        11%        N/A       32%         5
 Swiftness                Air            7%         N/A       45%         3
 Mephitic Cloud           Conj/Pois/Air  7%         N/A       50%         3
 Stone Arrow              Conj/Erth      14%        3d7       50%         3
 Vampiric Draining        Necr           7%         2d6       50%         3
 Enfeeble                 Hex            19%        N/A       54%         7
 Animate Armour           Summ/Erth      24%        N/A       58%         4
 Iskenderun's Mystic Bla  Conj/Tloc      12%        2d5       58%         4
 Summon Lightning Spire   Summ/Air       12%        N/A       58%         4
 Summon Forest            Summ/Tloc      8%         N/A       63%         5
 Freezing Cloud           Conj/Ice/Air   8%         6-21      65%         5
 Storm Form               Tmut/Air       17%        N/A       80%         7
 Airstrike                Air            3%         2d(1-17)  86%         4
 Animate Dead             Necr           7%         N/A       88%         4
 Dispel Undead            Necr           7%         3d8       88%         4
 Flame Wave               Conj/Fire      7%         2d5       88%         4
 Sticky Flame             Conj/Fire      7%         2d3       88%         4
 Simulacrum               Ice/Necr       11%        N/A       91%         6
 Agony                    Necr           7%         N/A       99%         5
 Arcjolt                  Conj/Air       3%         1d13      99%         5
 Borgnjor's Vile Clutch   Necr/Erth      3%         N/A       99%         5
 Fireball                 Conj/Fire      3%         3d4       99%         5
 Iskenderun's Battlesphe  Conj           6%         2d6       99%         5
 Lee's Rapid Deconstruct  Erth           3%         3d5*      99%         5
 Summon Cactus Giant      Summ           8%         N/A       99%         6
 Discord                  Hex            19%        N/A       99%         8
 Conjure Ball Lightning   Conj/Air       3%         3x3d6     100%        6
 Iron Shot                Conj/Erth      3%         9d2       100%        6
 Starburst                Conj/Fire      3%         6d3       100%        6
 Haunt                    Necr/Summ      6%         N/A       100%        7
 Malign Gateway           Summ/Tloc      8%         N/A       100%        7
 Monstrous Menagerie      Summ           8%         N/A       100%        7
 Spellforged Servitor     Conj/Summ      6%         N/A       100%        7
 Borgnjor's Revivificati  Necr           3%         N/A       100%        8
 Disjunction              Tloc           9%         N/A       100%        8
 Ignition                 Fire           3%         3d4       100%        8
 Infestation              Necr           3%         N/A       100%        8
 Maxwell's Capacitive Co  Air            3%         ∞         100%        8
 Necromutation            Tmut/Necr      17%        N/A       100%        8
 Summon Horrible Things   Summ           8%         N/A       100%        8
 Chain Lightning          Conj/Air       3%         3d4       100%        9
 Death's Door             Necr           3%         N/A       100%        9
 Dragon's Call            Summ           8%         N/A       100%        9
 Fire Storm               Conj/Fire      3%         8d1       100%        9
 Shatter                  Erth           3%         3d7*      100%        9


Dungeon Overview and Level Annotations

Branches:
Dungeon (15/15)            Temple (1/1) D:5            Lair (5/5) D:10
  Swamp (4/4) Lair:3       Spider (4/4) Lair:3        Slime (5/5) Lair:5
    Orc (2/2) D:11            Elf (3/3) Orc:2        Vaults (5/5) D:14
  Crypt (3/3) Vaults:2       Tomb (0/3) Crypt:3      Depths (4/4) D:15
    Zot (5/5) Depths:4     Bailey (visited)           IceCv (visited)
Desolation (visited)

Altars:
Ashenzari
Cheibriados
Dithmenos
Fedhas
Gozag
Hepliaklqana
Kikubaaqudgha
Makhleb
Nemelex Xobeh
Okawaru
Qazlal
Ru
Sif Muna
Trog
Uskayaw
Vehumet
Wu Jian
Xom
Yredelemnul
Jiyva

Shops:
D:2 *   D:4 *   D:6 (   D:7 **   D:9 !   Orc:2 ==(*   Elf:1 =*[   Elf:2 (
Elf:3 :=:   Vaults:2 (   Vaults:3 (   Depths:1 :?*[   Depths:4 *[*

Portals:
Hell: Depths:1 Depths:2 Depths:3 Depths:4
Abyss: Depths:2 Depths:3 Depths:4
Pandemonium: Depths:2
Ziggurat: Depths:3
Trove: Vaults:3 (show abyssal rune of Zot)

Annotations:
Elf:2 5 runed translucent doors, exclusion: door
Crypt:1 exclusion: obsidian statue
Zot:2 exclusion: door


Innate Abilities, Weirdness & Mutations

You have claws for hands.
Your demonic aura causes all spilled blood to erupt in flames.
You are extremely robust. (+30% HP)
When hurt, damage is shared between your health and your magic reserves.
You regenerate magic rapidly.
When low on magic, you restore magic in place of health.
When seriously injured, your blood forms very thick armour. (AC +0)


Message History

HP restored.
Your transformation has ended.
The cursed +2 cloak of the Restrained Sun {Will+, Comp, Alch} unmelds from your body.
The cursed -2 hat of the Alchemist {rElec rPois rF+ rC+ rN+ Will+ rMut rCorr, Self, Melee} unmelds from your body.
The cursed +2 pair of boots "Thunder Perfect Mind" {Fly, Fort, Elem} unmelds from your body.
The cursed +5 kite shield of the Lashed Omen {rC+, Elem, Alch} unmelds from your body.
The cursed +4 Cigotuvi's embrace {Corpsefed rMiasma Drain rN+, Comp, Elem} unmelds from your body.
You feel strong-willed.
You fly up into the air.
You feel resistant to cold.
(D) Dungeon (T) Temple (L) Lair (S) Swamp (N) Spider Nest (M) Slime Pits (O) Orcish Mines (E) Elven Halls (V) Vaults (C) Crypt (W) Tomb (U) Depths (H) Hell (Z) Zot
Where to? (Enter - D:1, ? - help)
There is an open door here.
There is a stone staircase leading up here.
You fly upwards.
There is a stone staircase leading down here.
There is a stone staircase leading up here.
You fly upwards.
There is a stone staircase leading down here.
There is a stone staircase leading up here.
You fly upwards.
There is a stone staircase leading down here.
Aiming: Dig
Press: ? - help, Q - select action, (/) - cycle Shift-Dir - straight line You can't see that place. [the floor.]
The rock shatters into small pieces.
Aiming: Dig
Press: ? - help, Q - select action, (/) - cycle Shift-Dir - straight line You can't see that place. [the floor.]
The rock shatters into small pieces.
Aiming: Dig
Press: ? - help, Q - select action, (/) - cycle Shift-Dir - straight line You can't see that place. [a rock wall.]
The rock shatters into small pieces.
There is a staircase leading out of the dungeon here.
You have escaped!

#.# #.#
#####2####.#
#..........#
##..........#
#8.........8#
#...8...8...#
#8.........8#
##.........##
####8@8####
#####


You could see a lorocyproca (invisible).

Vanquished Creatures
  the Royal Jelly (Slime:5)
  A dread lich (Vaults:3)
  3 ancient liches
  5 orbs of fire
  Boris (Vaults:4)
  Vv (Zot:4)
  Frederick (Vaults:5)
  6 caustic shrikes
  4 curse toes
  5 Killer Klowns
  The ghost of Iruirgha the Slayer, a veteran OpFi of Gozag (Zot:3)
  9 golden dragons
  Nikola (Spider:4)
  A Brimstone Fiend (Zot:3)
  A bone dragon (Depths:4)
  2 electric golems (Zot:5)
  27 Orb Guardians
  A shard shrike zombie (Crypt:3)
  Jorgrun (Swamp:3)
  22 tentacled monstrosities
  Mlioglotl (Swamp:3)
  3 deep elf blademasters (Elf:3)
  3 titans (Vaults:5)
  2 walking earthen tomes (Depths:3)
  21 acid blobs
  5 liches
  4 quicksilver dragons
  2 walking frostbound tomes (Depths:3)
  4 sphinxes
  7 ancient champions
  2 deep elf master archers (Elf:3)
  11 death cobs
  5 thorn hunters
  Gastronok (Lair:3)
  3 tentacled starspawn
  Donald (Swamp:1)
  3 shadow dragons
  4 tengu reavers
  Kirke (D:13)
  10 azure jellies
  3 revenants
  16 storm dragons
  9 fire giants
  11 rockslimes
  4 draconian knights
  6 frost giants
  8 draconian monks
  20 vault wardens
  A fire giant (shapeshifter) (Vaults:5)
  8 ghost moths
  7 deep elf sorcerers
  3 imperial myrmidons (Desolation)
  6 draconian stormcallers
  4 emperor scorpions
  6 draconian scorchers
  6 draconian shifters
  An iron dragon (Vaults:5)
  3 deep elf elementalists (Elf:3)
  Aizul (Swamp:3)
  A balrug (Zot:2)
  2 angels (Depths:3)
  2 curse skulls (Crypt:3)
  A juggernaut zombie (Crypt:1)
  A spriggan defender (Depths:1)
  9 ghouls
  14 stone giants
  4 war gargoyles
  20 ironbound preservers
  4 draconian annihilators
  A caustic shrike skeleton (Crypt:1)
  16 quicksilver oozes
  An eleionoma (Swamp:3)
  3 broodmothers (Spider:4)
  46 very ugly things
  12 vampire knights
  6 ironbound thunderhulks
  7 deep elf demonologists
  10 green draconians
  9 purple draconians
  9 white draconians
  11 black draconians
  13 red draconians
  2 halazid warlocks (Desolation)
  12 yellow draconians
  3 bunyips
  7 deep elf annihilators
  3 starcursed masses (Abyss:5)
  12 spark wasps
  11 dire elephants
  An iron golem (Depths:2)
  6 deep elf death magi
  2 blizzard demons
  3 crystal guardians
  9 fire dragons
  9 ettins
  Josephine (Orc:2)
  5 deep elf high priests
  2 shambling mangroves
  5 eidola
  13 ragged hierophants (Desolation)
  8 entropy weavers
  15 servants of whispers (Desolation)
  34 vault guards
  A quicksilver dragon zombie (Crypt:3)
  13 yaktaur captains
  12 jiangshi
  A spectral spriggan (Crypt:1)
  Fannar (Orc:1)
  18 great orbs of eyes
  13 hydras
  7 peacekeepers
  3 hell beasts
  2 jorogumos
  5 spriggan air magi
  6 rakshasas
  A catoblepas (Lair:5)
  11 ice dragons
  8 centaur warriors
  7 radroaches
  9 boulder beetles
  2 death knights (Vaults:2)
  9 ironbound frosthearts
  3 ogre magi (Vaults:5)
  2 two-headed ogres (D:10)
  9 alligators
  9 deep troll earth magi
  An azure jelly zombie (Crypt:1)
  6 deep troll shamans
  A titan zombie (Depths:2)
  5 hell hogs
  7 orc high priests
  7 tengu warriors
  6 vampire magi
  6 death yaks (Lair:5)
  A spectral naga (Crypt:1)
  13 dancing weapons
  7 thrashing horrors
  5 spriggan berserkers (Depths:4)
  Nergalle (D:12)
  6 deep elf knights
  Sonja (D:10)
  A hell knight (Depths:4)
  4 sun demons
  A titan skeleton (Crypt:3)
  8 iron trolls
  A soul eater (Crypt:2)
  2 sixfirhies
  8 shadow wraiths
  7 wretched stars
  2 pharaoh ants
  A sun moth (Spider:4)
  A storm dragon skeleton (Abyss:2)
  A death drake (Swamp:3)
  2 goliath frogs
  2 shadow demons (Abyss:3)
  14 skeletal warriors
  Pikel (D:6)
  8 deep elf archers
  11 flayed ghosts
  7 swamp dragons
  3 spriggan druids
  12 steelbarb worms
  10 orb spiders
  4 glowing orange brains
  7 bog bodies
  22 deep elf pyromancers
  7 orc knights
  A wolf spider (shapeshifter) (D:14)
  A ghost moth zombie (Crypt:1)
  14 phantasmal warriors
  26 ironbound convokers
  A sphinx zombie (Depths:2)
  58 deep trolls
  4 lindwurms
  20 deep elf zephyrmancers
  13 necromancers
  5 wizards
  A tengu zombie (Vaults:3)
  2 stone giant zombies
  A mana viper (Abyss:1)
  3 harpies (Vaults:2)
  A tengu skeleton (Vaults:3)
  4 oklob plants
  A sphinx skeleton (Vaults:3)
  51 ugly things
  7 shining eyes
  4 cyclopes
  A spectral ettin (Crypt:1)
  3 will-o-the-wisps
  25 moths of wrath
  22 wolf spiders
  A draconian zombie (Crypt:3)
  3 manticores
  A worldbinder (Abyss:1)
  6 orc sorcerers
  9 elephants
  3 frost giant skeletons
  A salamander (shapeshifter) (D:13)
  2 human skeletons
  10 demonic crawlers
  A stone giant skeleton (Crypt:3)
  3 smoke demons
  5 torpor snails
  12 black mambas
  An ice statue (IceCv)
  4 guardian serpents
  A dire elephant zombie (Crypt:2)
  9 apocalypse crabs (Depths:2)
  A black mamba (shapeshifter) (Abyss:1)
  2 titan simulacra (Crypt:3)
  2 eyes of devastation (Slime:5)
  14 cane toads
  16 vault sentinels
  A hellion (D:6)
  Psyche (D:8)
  2 unseen horrors (D:11)
  A yaktaur zombie (Vaults:3)
  A naga skeleton (Crypt:3)
  An alligator snapping turtle zombie (Crypt:3)
  3 molten gargoyles (Desolation)
  A yellow draconian zombie (Crypt:2)
  A tormentor (D:11)
  An unseen horror zombie (Crypt:1)
  A yaktaur (shapeshifter) (Depths:3)
  28 yaktaurs
  3 rime drakes
  7 freezing wraiths
  11 komodo dragons
  An anaconda simulacrum (IceCv)
  16 ice devils
  3 efreet
  2 kobold demonologists (Abyss:3)
  A catoblepas skeleton (Crypt:1)
  A tengu conjurer (D:13)
  A golden dragon simulacrum (Crypt:3)
  5 ancient zymes
  7 guardian mummies
  9 trolls
  A white draconian skeleton (Crypt:2)
  A harpy zombie (Crypt:3)
  2 yellow draconian skeletons
  5 hydra zombies (Swamp:4)
  A polar bear (Lair:5)
  A wind drake (shapeshifter) (Abyss:1)
  2 hellwings
  9 meliai
  A queen bee (Spider:3)
  2 spectral harpies (Crypt:1)
  6 tyrant leeches
  3 death drake zombies
  13 hornets
  24 tarantellas
  2 hydra skeletons (Swamp:4)
  65 saltlings (Desolation)
  A blink frog (shapeshifter) (D:15)
  2 harpy skeletons
  14 raiju
  6 dream sheep (Lair:5)
  6 small abominations
  20 blink frogs
  An ettin zombie (Vaults:3)
  35 jumping spiders
  103 slime creatures
  2 fire giant simulacra
  4 flying skulls (Crypt:3)
  An ettin skeleton (Crypt:2)
  2 black mamba zombies
  18 culicivoras
  3 shadows
  2 water elementals
  3 air elementals
  A centaur simulacrum (Crypt:2)
  2 ynoxinuls
  6 spriggans
  10 wraiths
  47 yaks
  3 dire elephant simulacra
  A vampire (D:13)
  13 wyverns
  4 fire elementals
  2 hogs (D:13)
  3 basilisks
  A hog (shapeshifter) (Depths:1)
  A black mamba skeleton (Crypt:3)
  A golden eye (Slime:5)
  3 neqoxecs
  2 steam dragons
  4 vampire mosquitoes (D:12)
  A human (D:13)
  58 redbacks
  A chaos spawn (Abyss:5)
  3 death yak simulacra (IceCv)
  3 wargs
  An acid dragon (D:11)
  2 harpy simulacra (IceCv)
  31 swamp worms
  8 hydra simulacra
  12 large abominations
  2 merfolk zombies (Crypt:2)
  22 water moccasins
  Duvessa (D:6)
  9 swamp drakes
  2 floating eyes
  37 orc warriors
  3 sky beasts
  An ettin simulacrum (Depths:2)
  A hornet zombie (Crypt:3)
  6 ogres
  20 wolves
  4 centaurs
  3 swamp dragon zombies (Swamp:4)
  3 swamp dragon skeletons (Swamp:4)
  2 boggarts (Abyss:3)
  2 phantoms
  5 kobold brigands
  4 lemures
  6 gnoll sergeants
  6 necrophages
  8 bullfrogs
  An earth elemental (Elf:1)
  14 scorpions
  3 cane toad simulacra (IceCv)
  A glowing shapeshifter simulacrum (Depths:2)
  18 wights
  Dowan (D:6)
  A troll zombie (Crypt:3)
  35 killer bees
  5 elephant simulacra (IceCv)
  2 howler monkeys
  An electric eel (Spider:4)
  A crimson imp (D:9)
  A jelly (D:4)
  A quasit (Abyss:1)
  3 hounds
  11 orc priests
  Crazy Yiuf (D:4)
  4 iguanas
  21 orc wizards
  7 polar bear simulacra (IceCv)
  2 spriggan simulacra
  2 wolf simulacra (IceCv)
  An ogre skeleton (Crypt:1)
  24 gnolls
  4 naga simulacra
  11 adders
  5 shadow imps
  2 white imps
  3 ufetubi
  6 worms
  A dart slug (D:2)
  46 orcs
  A bat zombie (Crypt:2)
  10 endoplasms
  3 giant cockroaches
  10 goblins
  11 hobgoblins
  13 jackals
  8 ball pythons
  12 bats
  4 frilled lizards
  40 kobolds
  3 rats
  A river rat skeleton (Crypt:2)
  6 briar patches (Swamp:1)
2625 creatures vanquished.

Vanquished Creatures (collateral kills)
  A thorn hunter (Swamp:4)
  2 hornets (Swamp:4)
3 creatures vanquished.

Vanquished Creatures (others)
  A ghost moth (Zot:4)
  A green draconian (Zot:3)
  A deep elf demonologist (Elf:3)
  A vampire mage (Crypt:3)
  A wizard (Vaults:3)
  A harpy (Vaults:2)
  A bloated husk (Swamp:4)
  A water elemental (Elf:3)
  2 briar patches
  A bush (Lair:5)
  15 foxfires
  64 fungi
  2 lurking horrors
  3 pillars of salt (Vaults:1)
  115 plants
  6 starspawn tentacles
216 creatures vanquished.

Grand Total: 2844 creatures vanquished

Notes
Turn   | Place    | Note
-------+----------+-------------------------------------------
     0 | D:1      | Twiddyhohoho the Demonspawn Gladiator began the quest for
                  | the Orb.
     0 | D:1      | Reached XP level 1. HP: 16/16 MP: 1/1
   132 | D:1      | Gained mutation: You have sharp fingernails. [demonic
                  | ancestry]
   132 | D:1      | Reached XP level 2. HP: 15/22 MP: 2/2
   663 | D:1      | Reached skill level 1 in Unarmed Combat
   892 | D:2      | Gained mutation: You have very sharp fingernails. [demonic
                  | ancestry]
   892 | D:2      | Reached XP level 3. HP: 28/28 MP: 3/3
   947 | D:2      | Noticed a phantom
  1155 | D:2      | Found Ritoalluu's General Store.
  1219 | D:2      | Bought a potion of might for 48 gold pieces
  1512 | D:2      | Gained mutation: When seriously injured, your blood forms
                  | armour. (AC +0) [demonic ancestry]
  1512 | D:2      | Reached XP level 4. HP: 26/34 MP: 4/4
  2253 | D:3      | Found a blossoming altar of Fedhas.
  2337 | D:2      | Bought a potion of berserk rage for 60 gold pieces
  2337 | D:2      | Bought a potion of flight for 36 gold pieces
  2400 | D:2      | Killed a phantom
  2401 | D:2      | Reached skill level 3 in Fighting
  2401 | D:2      | Reached skill level 1 in Armour
  2401 | D:2      | Gained mutation: When seriously injured, your blood forms
                  | thick armour. (AC +0) [demonic ancestry]
  2401 | D:2      | Reached XP level 5. HP: 36/41 MP: 5/5
  2660 | D:3      | Found a basalt altar of Yredelemnul.
  2860 | D:3      | Identified the ring "Inijeg" {rN+ Slay+4}
  2993 | D:4      | Found Goicaips's Elemental Accessories.
  3274 | D:2      | Bought a scroll of magic mapping for 90 gold pieces
  3716 | D:4      | Gained mutation: Your demonic aura sometimes causes spilled
                  | blood to erupt in flames. [demonic ancestry]
  3716 | D:4      | Reached XP level 6. HP: 47/47 MP: 6/6
  3860 | D:4      | Reached skill level 4 in Fighting
  3860 | D:4      | Gained mutation: You regenerate magic rapidly. [demonic
                  | ancestry]
  3860 | D:4      | Reached XP level 7. HP: 37/54 MP: 7/7
  3956 | D:4      | Reached skill level 5 in Unarmed Combat
  4185 | D:4      | Found a runed translucent door.
  4186 | D:4      | Noticed Crazy Yiuf
  4194 | D:4      | Killed Crazy Yiuf
  4418 | D:5      | Entered Level 5 of the Dungeon
  4434 | D:5      | Found a staircase to the Ecumenical Temple.
  4574 | D:5      | Reached skill level 5 in Fighting
  4839 | Temple   | Entered the Ecumenical Temple
  5012 | Temple   | Became a worshipper of Ashenzari the Shackled
  5229 | D:5      | Found a shadowy altar of Dithmenos.
  5255 | D:5      | Gained mutation: When hurt, damage is shared between your
                  | health and your magic reserves. [demonic ancestry]
  5255 | D:5      | Reached XP level 8. HP: 56/62 MP: 8/8
  5480 | D:6      | Noticed Pikel
  5490 | D:6      | Reached skill level 1 in Spellcasting
  5955 | D:5      | Reached skill level 6 in Fighting
  6437 | D:6      | Learned a level 1 spell: Slow
  6439 | D:6      | Found a shimmering blue altar of Sif Muna.
  6445 | D:6      | Reached XP level 9. HP: 69/71 MP: 8/10
  6478 | D:6      | Reached skill level 1 in Hexes
  6486 | D:6      | Noticed Dowan
  6486 | D:6      | Noticed Duvessa
  6502 | D:6      | Killed Dowan
  6517 | D:6      | Killed Duvessa
  6518 | D:6      | Reached skill level 7 in Fighting
  6715 | D:6      | Found Jogo's Weapon Emporium.
  6779 | D:6      | Killed Pikel
  6875 | D:6      | Identified the +2 hat of Somewhere Else {Harm rPois rF-
                  | Dex+6}
  7067 | D:6      | Learned a level 4 spell: Ice Form
  7217 | D:7      | Reached skill level 8 in Fighting
  7382 | D:7      | Found Fatuewaq's Specific Store.
  7383 | D:7      | Found Boicajuewo's General Store.
  7399 | D:7      | Bought a potion of degeneration for 14 gold pieces
  7399 | D:7      | Bought a scroll of identify for 28 gold pieces
  7409 | D:7      | Reached skill level 1 in Stealth
  7409 | D:7      | Reached skill level 1 in Transmutations
  7409 | D:7      | Reached skill level 1 in Ice Magic
  7409 | D:7      | Reached skill level 1 in Evocations
  7462 | D:7      | Reached * piety under Ashenzari
  7789 | D:8      | Gained mutation: When low on magic, you restore magic in
                  | place of health. [demonic ancestry]
  7789 | D:8      | Reached XP level 10. HP: 80/80 MP: 13/13
  8252 | D:9      | Reached ** piety under Ashenzari
  8279 | D:9      | Found Moyq's Distillery.
  8289 | D:9      | Bought a potion of lignification for 36 gold pieces
  8289 | D:9      | Bought a potion of lignification for 36 gold pieces
  8412 | D:9      | Identified a scroll of acquirement
  8713 | D:9      | Noticed a boulder beetle
  8728 | D:9      | Killed a boulder beetle
  8931 | D:9      | Found a radiant altar of Vehumet.
  8932 | D:9      | Found a burning altar of Makhleb.
  9243 | D:9      | Reached skill level 5 in Transmutations
  9288 | D:10     | Entered Level 10 of the Dungeon
  9342 | D:10     | Found a staircase to the Lair.
  9370 | D:10     | Found a flagged portal.
  9374 | D:10     | Noticed Sonja
  9380 | D:10     | Killed Sonja
  9418 | Bailey   | Entered a bailey
  9425 | Bailey   | Noticed an orc knight
  9435 | Bailey   | Learned a level 3 spell: Frozen Ramparts
  9597 | Bailey   | Learned a level 3 spell: Confusing Touch
  9692 | Bailey   | Killed an orc knight
  9693 | Bailey   | Gained mutation: Your demonic aura often causes spilled
                  | blood to erupt in flames. [demonic ancestry]
  9693 | Bailey   | Reached XP level 11. HP: 67/89 MP: 14/18
  9714 | Bailey   | Reached skill level 5 in Hexes
  9899 | D:10     | Reached *** piety under Ashenzari
  9978 | D:8      | Noticed Psyche
  9985 | Abyss:1  | Cast into level 1 of the Abyss (Psyche)
 10022 | Abyss:1  | Identified the cursed +2 cloak of the Cursed Sun {Cun,
                  | Bglg} (You took it off Crazy Yiuf on level 4 of the
                  | Dungeon)
 10022 | Abyss:1  | Identified the cursed +0 pair of gloves "I Foresaw This"
                  | {Elem, Comp} (You found it on level 4 of the Dungeon)
 10022 | Abyss:1  | Identified the cursed +2 robe "Per Aspera Ad Scientiam"
                  | {rC+ rF+, Elem, Self} (You found it on level 3 of the
                  | Dungeon)
 10047 | Abyss:1  | Reached skill level 5 in Ice Magic
 10060 | Abyss:1  | Noticed a revenant
 10069 | Abyss:1  | Found a corrupted altar of Lugonu.
 10141 | Abyss:1  | Noticed a starcursed mass
 10143 | Abyss:1  | Gained mutation: Your spells are a little easier to cast,
                  | but a little less powerful. [a neqoxec]
 10181 | Abyss:1  | Reached **** piety under Ashenzari
 10181 | Abyss:1  | Noticed a balrug
 10220 | Abyss:1  | Noticed a wretched star
 10255 | Abyss:1  | Killed a wretched star
 10279 | Abyss:1  | Noticed a sixfirhy
 10280 | Abyss:1  | Found a corrupted altar of Lugonu.
 10291 | Abyss:1  | Lost mutation: Your spells are much easier to cast, but
                  | much less powerful. [potion of mutation]
 10292 | Abyss:1  | Gained mutation: You are robust. (+10% HP) [potion of
                  | mutation]
 10302 | Abyss:1  | Noticed a thrashing horror
 10313 | Abyss:1  | Killed a thrashing horror
 10314 | Abyss:1  | Reached skill level 5 in Dodging
 10314 | Abyss:1  | Noticed a tentacled starspawn
 10363 | Abyss:1  | Noticed a thrashing horror
 10372 | Abyss:1  | Noticed a thrashing horror
 10380 | Abyss:1  | Killed a thrashing horror
 10394 | Abyss:1  | Noticed a balrug
 10394 | Abyss:1  | Noticed a sun demon
 10394 | Abyss:1  | Noticed a sun demon
 10396 | Abyss:1  | Noticed a sun demon
 10406 | Abyss:1  | Killed a thrashing horror
 10421 | Abyss:1  | Killed a sun demon
 10422 | Abyss:1  | Reached skill level 5 in Stealth
 10427 | D:8      | Escaped the Abyss
 10429 | D:8      | Killed Psyche
 10564 | D:7      | Bought a scroll of enchant armour for 105 gold pieces
 10626 | D:10     | Noticed a two-headed ogre
 10632 | D:10     | Killed a two-headed ogre
 10719 | D:10     | Noticed a two-headed ogre
 10724 | D:10     | Killed a two-headed ogre
 10725 | D:10     | Reached skill level 9 in Fighting
 11207 | D:10     | Reached ***** piety under Ashenzari
 11380 | Lair:1   | Entered Level 1 of the Lair of Beasts
 11406 | Lair:1   | Reached skill level 1 in Summonings
 11409 | Lair:1   | Reached XP level 12. HP: 104/104 MP: 18/18
 11426 | Lair:1   | Identified the cursed +2 pair of boots "Thunder Perfect
                  | Mind" {Fly, Fort, Elem} (You found it in a bailey)
 11545 | Lair:1   | Noticed a seven-headed hydra
 11553 | Lair:1   | Killed a seven-headed hydra
 11842 | Lair:1   | Reached skill level 10 in Fighting
 12426 | Lair:2   | Identified the Parchment of the Entourage
 12481 | Lair:2   | Noticed a five-headed hydra
 12490 | Lair:2   | Killed a five-headed hydra
 12612 | Lair:2   | Noticed a boulder beetle
 12627 | Lair:2   | Killed a boulder beetle
 13370 | Lair:3   | Reached XP level 13. HP: 124/124 MP: 23/23
 13384 | Lair:3   | Found a hole to the Spider Nest.
 13388 | Lair:3   | Noticed Gastronok
 13636 | Lair:3   | Killed Gastronok
 14233 | Lair:3   | Reached skill level 10 in Unarmed Combat
 14236 | Lair:3   | Found a staircase to the Swamp.
 14935 | Lair:4   | Reached skill level 5 in Spellcasting
 15319 | Lair:5   | Entered Level 5 of the Lair of Beasts
 15583 | Lair:5   | Found a staircase to the Slime Pits.
 15591 | Lair:5   | Found a viscous altar of Jiyva.
 15642 | Lair:5   | Gained mutation: Your demonic aura causes all spilled blood
                  | to erupt in flames. [demonic ancestry]
 15642 | Lair:5   | Reached XP level 14. HP: 129/132 MP: 23/28
 16990 | D:11     | Reached skill level 10 in Hexes
 16995 | D:11     | Found a staircase to the Orcish Mines.
 17773 | D:11     | Identified the +6 long sword "Secret Weapon" {flame, rPois}
 17936 | Orc:1    | Entered Level 1 of the Orcish Mines
 17968 | Orc:1    | Noticed Fannar
 17978 | Orc:1    | Killed Fannar
 18198 | Orc:2    | Entered Level 2 of the Orcish Mines
 18299 | Orc:2    | Noticed Josephine
 18311 | Orc:2    | Killed Josephine
 18602 | Orc:2    | Found Fifiqu's Assorted Antiques.
 18675 | Orc:2    | Reached skill level 11 in Fighting
 18707 | Orc:2    | Found Vayngai's Jewellery Shop.
 18727 | Orc:2    | Found Caror's Jewellery Shop.
 18729 | Orc:2    | Found Mareoles's Antique Weapon Emporium.
 18735 | Orc:2    | Bought the ring of Quda {rElec EV+5 Dex+5 Slay-6 Stlth+}
                  | for 609 gold pieces
 19111 | Orc:1    | Gained mutation: When seriously injured, your blood forms
                  | very thick armour. (AC +0) [demonic ancestry]
 19111 | Orc:1    | Reached XP level 15. HP: 134/139 MP: 27/29
 19205 | Orc:2    | Found a staircase to the Elven Halls.
 19525 | D:12     | Found a frozen archway.
 19544 | IceCv    | Entered an ice cave
 19796 | IceCv    | Found an ancient bone altar of Kikubaaqudgha.
 20201 | IceCv    | Identified the ring "Gomivvin" {Fly rN+ Will- Str+5 Dex+3}
 20405 | D:12     | Reached skill level 1 in Shields
 20531 | D:12     | Identified the +2 war axe of the Pit {protect, Dex+3}
 20574 | D:12     | Noticed Nergalle
 20583 | D:12     | Killed Nergalle
 20910 | D:13     | Identified the +4 ring mail of Least Resistance {rF+ Will+}
 21055 | D:13     | Noticed Kirke
 21062 | D:13     | Killed Kirke
 21565 | D:14     | Identified the +1 sling "Wiloexem" {drain, Dex+4}
 21881 | D:14     | Found a gate to the Vaults.
 21902 | D:14     | Reached skill level 5 in Armour
 21962 | D:14     | Identified the cursed +5 kite shield of the Lashed Omen
                  | {rC+, Elem, Alch} (You found it in an ice cave)
 22219 | D:15     | Entered Level 15 of the Dungeon
 22439 | D:15     | Reached skill level 5 in Shields
 22546 | D:15     | Identified the +1 pair of boots of Noughts and Crosses
                  | {Int+3 Stlth+}
 22859 | D:15     | Identified the Writings on Support and the Wayfarer
 22956 | D:15     | Found a staircase to the Depths.
 23116 | D:15     | Found a radiant altar of Vehumet.
 23156 | D:15     | Reached XP level 16. HP: 123/145 MP: 23/28
 23468 | Spider:1 | Entered Level 1 of the Spider Nest
 23475 | Spider:1 | HP: 5/165 [jumping spider (13)]
 23475 | Spider:1 | HP: 1/165 [wolf spider (4)]
 23819 | Swamp:1  | Entered Level 1 of the Swamp
 23896 | Swamp:1  | Found a transporter.
 24043 | Swamp:1  | Found a transporter.
 24043 | Swamp:1  | Identified the ring of Ulyathyokug {rPois rF+ Will+ Str+5
                  | Slay-3}
 24044 | Swamp:1  | Identified the -1 helmet of the Ward {rC++ rN++ Dex-2}
 24119 | Swamp:1  | Noticed Donald
 24131 | Swamp:1  | Killed Donald
 24998 | Swamp:2  | Noticed a thorn hunter
 25035 | Swamp:2  | Killed a thorn hunter
 25765 | Swamp:3  | Noticed Jorgrun
 25786 | Swamp:3  | Killed Jorgrun
 25925 | Swamp:3  | Noticed Aizul
 25932 | Swamp:3  | Killed Aizul
 25933 | Swamp:3  | Reached skill level 10 in Shields
 26112 | Swamp:4  | Entered Level 4 of the Swamp
 26123 | Swamp:4  | Noticed Mlioglotl
 26283 | Swamp:4  | Noticed an Executioner
 26864 | Swamp:3  | Noticed an ancient lich
 26869 | Swamp:3  | Killed Mlioglotl
 27129 | Swamp:4  | Noticed a thorn hunter
 27574 | Swamp:4  | Noticed a thorn hunter
 27614 | Swamp:4  | Killed a thorn hunter
 27621 | Swamp:4  | Found a basalt altar of Yredelemnul.
 27724 | Swamp:4  | Got a decaying rune of Zot
 27854 | Swamp:4  | Noticed a thorn hunter
 27870 | Swamp:4  | Reached XP level 17. HP: 25/145 MP: 8/26
 28129 | Swamp:4  | Found a blossoming altar of Fedhas.
 28314 | Swamp:4  | Reached skill level 12 in Fighting
 28817 | Elf:1    | Entered Level 1 of the Elven Halls
 29044 | Elf:1    | Found an ancient bone altar of Kikubaaqudgha.
 29088 | Elf:1    | Paralysed by an air elemental for 1 turns
 29342 | Elf:1    | Identified Vehumet's Atlas of Hurting
 29347 | Elf:1    | Reached skill level 13 in Fighting
 29503 | Elf:1    | Found Vaasas's Jewellery Shoppe.
 29660 | Elf:1    | Acquired 1099 gold pieces
 29770 | Elf:1    | Paralysed by an air elemental for 1 turns
 29989 | Elf:1    | Found Nuorosics's Assorted Antiques.
 29997 | Elf:1    | Bought a condenser vane for 960 gold pieces
 30054 | Elf:1    | Found Xyorph's Antique Armour Shoppe.
 30058 | Elf:1    | Bought a runed scarf for 264 gold pieces
 30378 | Elf:2    | Reached skill level 14 in Fighting
 30494 | Elf:2    | Found Xotacul's Weapon Shop.
 30633 | Elf:2    | Found a huge runed translucent gate.
 30633 | Elf:2    | Found a huge runed translucent gate.
 30633 | Elf:2    | Found a huge runed translucent gate.
 30633 | Elf:2    | Found a huge runed translucent gate.
 30634 | Elf:2    | Found a huge runed translucent gate.
 30849 | Elf:3    | Entered Level 3 of the Elven Halls
 30907 | Elf:3    | Noticed a deep elf blademaster
 30936 | Elf:3    | Killed a deep elf blademaster
 31451 | Elf:3    | Found Teteur's Jewellery Emporium.
 31452 | Elf:3    | Found Cobaazioble's Book Boutique.
 31452 | Elf:3    | Found Zuteckab's Book Boutique.
 31705 | Elf:3    | Noticed a deep elf blademaster
 31717 | Elf:3    | Killed a deep elf blademaster
 31805 | Elf:3    | Noticed a deep elf master archer
 31818 | Elf:3    | Killed a deep elf master archer
 32089 | Elf:3    | Identified the +6 triple crossbow of Conscience {speed,
                  | rPois rN+ Str+3}
 32095 | Elf:3    | Identified the +5 short sword of the Jolly Allies {drain,
                  | rCorr Str+5 Int+3 Dex-4}
 32112 | Elf:3    | Identified the +7 long sword of Efykiwk {holy, Int+4}
 32120 | Elf:3    | Noticed a Tzitzimitl
 32127 | Elf:3    | Identified the ring of the Prince of Darkness {Fire rElec
                  | Will+ Str+5 Int-4}
 32143 | Elf:3    | Reached XP level 18. HP: 103/160 MP: 21/27
 32617 | Elf:3    | Bought a book of Transfigurations for 760 gold pieces
 32623 | Elf:3    | Learned a level 5 spell: Blade Hands
 34914 | Spider:2 | Identified the +1 robe "Afebashra" {Int+3}
 34914 | Spider:2 | Identified the -2 hat "Coonez" {Harm rCorr Slay-5 Stlth+}
 36272 | Spider:2 | Reached skill level 10 in Armour
 36291 | Spider:3 | Identified the cursed +2 pair of gloves "Prophetic
                  | Omission" {Alch, Fort} (You found it on level 1 of the
                  | Elven Halls)
 36562 | Spider:3 | Reached skill level 10 in Transmutations
 36630 | Spider:3 | Learned a level 2 spell: Wereblood
 36947 | Spider:4 | Entered Level 4 of the Spider Nest
 37175 | Spider:4 | HP: 8/181 [demonic crawler (5)]
 37941 | Spider:4 | Noticed Nikola
 37956 | Spider:4 | Killed Nikola
 38084 | Spider:4 | Gained mutation: You have claws for hands. [demonic
                  | ancestry]
 38084 | Spider:4 | Reached XP level 19. HP: 85/168 MP: 16/28
 38643 | Spider:4 | Got a gossamer rune of Zot
 39034 | Vaults:1 | Entered Level 1 of the Vaults
 39069 | Vaults:1 | Found a crumbling gateway.
 39084 | Desolati | Entered the Desolation of Salt
 39337 | Desolati | Identified the +1 cloak of Lesser Demons {rElec rF- Dex+6}
 39357 | Desolati | Reached skill level 15 in Fighting
 39612 | Desolati | Identified the Precepts of the Chilly Geologist
 39782 | Desolati | Identified Sif Muna's Octavo of the Hindering Fjord
 40012 | Desolati | Reached skill level 15 in Unarmed Combat
 40060 | Desolati | Identified the +0 helmet "Jyrroim" {rElec rCorr Dex+2}
 40474 | Desolati | Identified the +1 ring mail "Isetwik" {rC+}
 40503 | Desolati | Identified the Compilation of Chilblains
 40524 | Desolati | Found the +0 pair of fencer's gloves {Riposte Dex+3}
 40573 | Desolati | Learned a level 3 spell: Ozocubu's Armour
 40582 | Desolati | Identified the Quarto of the Vitriolic Fifth Circle
 40585 | Desolati | Identified the +1 ice dragon scales "Wuvyllyz" {rF- rC++
                  | Dex+2}
 40592 | Desolati | Identified the +5 chain mail of Ronisk {Str+3}
 40631 | Desolati | Identified the +6 scale mail of Vownest {Will+}
 41295 | Vaults:1 | Mutation became permanent: You are robust. (+10% HP)
                  | [demonic ancestry]
 41295 | Vaults:1 | Gained mutation: You are robust. (+10% HP) [demonic
                  | ancestry]
 41295 | Vaults:1 | Reached XP level 20. HP: 156/184 MP: 29/32
 41703 | Vaults:1 | Learned a level 7 spell: Dragon Form
 42458 | Vaults:2 | Found Loxkytoo's Antique Weapon Shoppe.
 43210 | Vaults:2 | Found a staircase to the Crypt.
 44365 | Vaults:3 | Noticed a dread lich
 44377 | Vaults:3 | Killed a dread lich
 44555 | Vaults:3 | Found a portal to a secret trove of treasure.
 44643 | Vaults:3 | Found Vuarreid's Antique Weapon Boutique.
 44847 | Vaults:3 | Reached skill level 16 in Fighting
 45244 | Vaults:4 | Reached skill level 15 in Transmutations
 45244 | Vaults:4 | Gained mutation: You are very robust. (+20% HP) [demonic
                  | ancestry]
 45244 | Vaults:4 | Reached XP level 21. HP: 216/216 MP: 25/35
 45592 | Vaults:4 | Identified the ring "Woukoibbae" {Fire Dex+4}
 45972 | Vaults:4 | Noticed Boris
 45980 | Vaults:4 | Killed Boris
 46435 | Vaults:4 | Acquired 419 gold pieces
 46799 | Depths:1 | Entered Level 1 of the Depths
 46899 | Depths:1 | Reached skill level 17 in Fighting
 46927 | Depths:1 | Found Kooronuq's General Store.
 46927 | Depths:1 | Found Fifreet's Magic Scroll Shoppe.
 46929 | Depths:1 | Found Koaddaot's Book Shoppe.
 46930 | Depths:1 | Found Oneupika's Armour Emporium.
 46939 | Depths:1 | Bought a scroll of teleportation for 45 gold pieces
 46939 | Depths:1 | Bought a scroll of teleportation for 45 gold pieces
 46946 | Depths:1 | Bought a scroll of magic mapping for 120 gold pieces
 46946 | Depths:1 | Bought a scroll of teleportation for 48 gold pieces
 46946 | Depths:1 | Bought a potion of resistance for 160 gold pieces
 46946 | Depths:1 | Bought a potion of heal wounds for 80 gold pieces
 46949 | Depths:1 | Bought the -2 hat of the Alchemist {rElec rPois rF+ rC+ rN+
                  | Will+ rMut rCorr} for 1085 gold pieces
 46949 | Depths:1 | Found the -2 hat of the Alchemist {rElec rPois rF+ rC+ rN+
                  | Will+ rMut rCorr}
 47524 | Elf:3    | Bought the ring of the Marlin {Ice +Blink rN+ Dex+4} for
                  | 877 gold pieces
 47875 | Depths:1 | Identified Nearhiqy's Papyrus of Somewhere Else
 48538 | Depths:1 | Found a gateway to Hell.
 48784 | Depths:2 | Found a one-way gate to the infinite horrors of the Abyss.
 49248 | Elf:3    | Bought a book of Cantrips for 240 gold pieces
 49250 | Elf:3    | Learned a level 1 spell: Apportation
 49614 | Depths:2 | Paralysed by you for 5 turns
 49662 | Depths:2 | Reached skill level 1 in Translocations
 49703 | Depths:2 | Identified the +2 robe "Gebamid" {rElec rC- Regen+ SInv}
 49942 | Depths:2 | Found a one-way gate leading to the halls of Pandemonium.
 49959 | Depths:2 | Reached XP level 22. HP: 207/232 MP: 30/36
 50511 | Depths:2 | Found a snail-covered altar of Cheibriados.
 51200 | Depths:3 | Found a one-way gateway to a ziggurat.
 51324 | Depths:3 | Noticed a caustic shrike
 51360 | Depths:3 | Killed a caustic shrike
 51423 | Depths:3 | Found the +5 glaive of the Guard {elec, spectral, AC+5}
 51795 | Depths:3 | Noticed a golden dragon
 51800 | Depths:3 | Killed a golden dragon
 51872 | Depths:3 | Reached skill level 18 in Fighting
 52294 | Depths:3 | Found a stormy altar of Qazlal.
 52315 | Depths:4 | Entered Level 4 of the Depths
 52728 | Depths:4 | Found Zusk's Assorted Antiques.
 52730 | Depths:4 | Found Bubbujac's Antique Armour Shoppe.
 52732 | Depths:4 | Found Wydwosonn's Assorted Antiques.
 52739 | Depths:4 | Bought an ancient chain mail for 332 gold pieces
 52739 | Depths:4 | Identified the +5 chain mail "Bepol" {Will+} (You bought it
                  | in a shop on level 4 of the Depths)
 52743 | Depths:4 | Bought a scroll of acquirement for 1820 gold pieces
 52745 | Depths:4 | Acquired the amulet of Yvyhi {Reflect Rampage SH+5}
 53015 | Depths:4 | Noticed a caustic shrike
 53015 | Depths:4 | Noticed a caustic shrike
 53015 | Depths:4 | Noticed a caustic shrike
 53015 | Depths:4 | Noticed a caustic shrike
 53015 | Depths:4 | Noticed a caustic shrike
 53021 | Depths:4 | Killed a caustic shrike
 53022 | Depths:4 | Reached XP level 23. HP: 237/237 MP: 35/35
 53024 | Depths:4 | Killed a caustic shrike
 53029 | Depths:4 | Killed a caustic shrike
 53030 | Depths:4 | Killed a caustic shrike
 53032 | Depths:4 | Killed a caustic shrike
 53551 | Depths:4 | Reached skill level 19 in Fighting
 53814 | Depths:4 | Found a gate to the Realm of Zot.
 54111 | Depths:4 | Voluntarily entered the Abyss.
 54291 | Abyss:1  | Found a corrupted altar of Lugonu.
 54291 | Abyss:1  | Found a corrupted altar of Lugonu.
 54291 | Abyss:1  | Noticed an ancient lich
 54291 | Abyss:1  | Found a corrupted altar of Lugonu.
 54297 | Abyss:1  | Killed an ancient lich
 54345 | Abyss:1  | Found a corrupted altar of Lugonu.
 54458 | Abyss:2  | Found a corrupted altar of Lugonu.
 54494 | Abyss:2  | Found a corrupted altar of Lugonu.
 54520 | Abyss:3  | Found a shimmering blue altar of Sif Muna.
 54575 | Abyss:3  | Found a shimmering blue altar of Sif Muna.
 54608 | Abyss:3  | Identified the amulet of Nolas {RegenMP Rampage Str+3
                  | Slay+3}
 54763 | Abyss:4  | Found a corrupted altar of Lugonu.
 54819 | Abyss:4  | Reached skill level 10 in Dodging
 54849 | Abyss:4  | Noticed a dread lich
 55001 | Abyss:5  | Paralysed by accursed screaming for 1 turns
 55007 | Depths:4 | Escaped the Abyss
 55516 | Crypt:1  | Entered Level 1 of the Crypt
 55937 | Crypt:1  | Reached skill level 20 in Fighting
 57674 | Crypt:3  | Entered Level 3 of the Crypt
 57708 | Crypt:3  | Reached XP level 24. HP: 233/252 MP: 36/36
 58410 | Crypt:3  | Reached skill level 21 in Fighting
 59194 | Crypt:3  | Found a staircase to the Tomb.
 59194 | Crypt:3  | Identified the +6 mace "Yhaaloes" {speed, +Blink rPois
                  | Dex-5 Stlth-}
 59194 | Crypt:3  | Identified the ring of Peannyof {rElec rN+ Dex-4 Slay+3}
 61188 | Vaults:5 | Entered Level 5 of the Vaults
 61188 | Vaults:5 | Noticed Frederick
 61197 | Vaults:5 | Killed Frederick
 61650 | Vaults:5 | Identified the +8 broad axe of Darkness {chaos, Stlth+}
 61689 | Vaults:5 | Identified the +3 quarterstaff "Kudiy" {heavy, Dex+2}
 61774 | Vaults:5 | Noticed an ancient lich
 61785 | Vaults:5 | Identified the +4 scale mail "Janyutz" {rCorr}
 61791 | Vaults:5 | Killed an ancient lich
 61937 | Vaults:5 | Identified the amulet "Men Joa" {Acrobat Int+6}
 62274 | Vaults:5 | Noticed an ancient lich
 62285 | Vaults:5 | Killed an ancient lich
 62286 | Vaults:5 | Reached skill level 5 in Evocations
 62454 | Vaults:5 | Identified the +1 sling of Wu Jian's Generosity {flame, rF+
                  | MP+9 Int-3 Dex+4}
 62454 | Vaults:5 | Identified the +1 chain mail of Hanah {rC- Int+6 Dex-5
                  | Slay+3}
 62472 | Vaults:5 | Gained mutation: You are extremely robust. (+30% HP)
                  | [demonic ancestry]
 62472 | Vaults:5 | Reached XP level 25. HP: 287/287 MP: 30/35
 62926 | Vaults:5 | Got a silver rune of Zot
 62944 | Vaults:5 | Identified the +6 bardiche of the Scorching Pariah
                  | {protect, +Blink}
 63993 | Slime:1  | Entered Level 1 of the Pits of Slime
 64198 | Slime:3  | Paralysed by a floating eye for 4 turns
 64611 | Slime:5  | Entered Level 5 of the Pits of Slime
 64660 | Slime:5  | Gained mutation: You occasionally lose the ability to drink
                  | potions when taking damage. [a shining eye]
 64784 | Slime:5  | Reached skill level 22 in Fighting
 64808 | Slime:5  | Noticed the Royal Jelly
 65541 | Slime:5  | Lost mutation: You occasionally lose the ability to drink
                  | potions when taking damage. [potion of mutation]
 65541 | Slime:5  | Gained mutation: You are strong-willed. (Will+) [potion of
                  | mutation]
 65582 | Slime:5  | Found a viscous altar of Jiyva.
 65582 | Slime:5  | Identified the amulet "Geotuymn" {Acrobat Harm *Corrode
                  | rF++ rN+}
 65582 | Slime:5  | Identified the +9 spear of the Desert {drain, Int+4}
 65583 | Slime:5  | Identified the +7 dagger of Chaos {freeze, rF+ SInv}
 65584 | Slime:5  | Identified the +7 hand axe of Guile {drain, +Blink rN+
                  | rCorr}
 65584 | Slime:5  | Found the ring of the Octopus King {rN+ HP+2 AC+2 EV+2
                  | SH+2}
 65584 | Slime:5  | Found the ring of the Octopus King {rN+ HP+2 AC+2 EV+2
                  | SH+2}
 65646 | Slime:5  | Killed the Royal Jelly
 66310 | Slime:5  | Found the +4 Cigotuvi's embrace {Corpsefed rMiasma Drain
                  | rN+}
 66322 | Slime:5  | Got a slimy rune of Zot
 66947 | Zot:1    | Entered Level 1 of the Realm of Zot
 67194 | Zot:1    | Reached skill level 23 in Fighting
 67194 | Zot:1    | Gained mutation: Your spells are a little easier to cast,
                  | but a little less powerful. [mutagenic glow]
 67615 | Zot:1    | Paralysed by a Zot trap for 4 turns
 68291 | Zot:2    | Noticed a Killer Klown
 68297 | Zot:2    | Killed a Killer Klown
 68385 | Zot:2    | Reached XP level 26. HP: 308/309 MP: 34/36
 68599 | Zot:2    | Noticed an orb of fire
 69188 | Zot:3    | Found a large runed translucent door.
 69188 | Zot:3    | Found a large runed translucent door.
 69188 | Zot:3    | Noticed Iruirgha's ghost (veteran OpFi)
 69207 | Zot:3    | Killed Iruirgha's ghost
 69515 | Zot:4    | Noticed Vv
 69524 | Zot:4    | Killed Vv
 69713 | Zot:4    | Reached skill level 24 in Fighting
 70697 | Zot:5    | Entered Level 5 of the Realm of Zot
 71423 | Zot:5    | Noticed an orb of fire
 71429 | Zot:5    | Noticed an orb of fire
 71523 | Zot:4    | Killed an orb of fire
 71702 | Zot:5    | Killed an orb of fire
 71703 | Zot:5    | Noticed an orb of fire
 71704 | Zot:5    | Noticed an orb of fire
 71704 | Zot:5    | Noticed an orb of fire
 71791 | Zot:4    | Killed an orb of fire
 71981 | Zot:5    | Killed an orb of fire
 72158 | Zot:5    | Identified the cursed +2 cloak of the Restrained Sun
                  | {Will+, Comp, Alch} (You took it off a draconian
                  | stormcaller on level 3 of the Realm of Zot)
 72318 | Zot:5    | Reached skill level 15 in Dodging
 72330 | Zot:4    | Killed an orb of fire
 72331 | Zot:4    | Reached XP level 27. HP: 276/323 MP: 30/37
 72801 | Zot:5    | Lost mutation: You are strong-willed. (Will+) [potion of
                  | mutation]
 72801 | Zot:5    | Lost mutation: Your spells are a little easier to cast, but
                  | a little less powerful. [potion of mutation]
 72894 | Zot:5    | Got the Orb of Zot
 73166 | D:15     | Noticed Maybocko the pandemonium lord
 73500 | D:$      | Escaped with the Orb!

Illustrated notes

Levels and vault maps discovered:
D:1:      mrwooster_arrival_statue_3, layout_basic
D:2:      minmay_general_purpose_star, layout_basic, serial_shops, shop,
          grunt_ministairs_7
D:3:      layout_basic, lemuel_crystal_altar, fedhas_altar_2,
          minmay_misc_feat_roman, solitary_fountain, minmay_misc_feat_five
D:4:      old_forge, layout_loops_corners, nicolae_elemental_shop,
          kennysheep_big_empty_room, uniq_crazy_yiuf_cottage
D:5:      layout_rooms, grunt_dithmenos_shadows,
          minmay_temple_entry_gardened_gates
D:6:      layout_cave_pools, mainiacjoe_overflow_alcove_4, serial_shops,
          nicolae_shop_bloodbath_and_beyond, uniq_pikel, uniq_duvessa
D:7:      layout_loops_ring, kennysheep_nub, chequers_garden,
          nicolae_specific_store
D:8:      layout_cave_pools, uniq_psyche
D:9:      layout_stronghold, grunt_temple_overflow_lords_of_destruction,
          serial_shops, nicolae_lakefront_shop
D:10:     layout_basic, lair_entry_dummy, enter_bailey_5, serial_bayou_crossing,
          uniq_sonja
D:11:     layout_grid_maze, kennysheep_orc_monster_closet_entryway
D:12:     layout_big_octagon, portal_ice_cave_demonic_guard, uniq_nergalle
D:13:     layout_irregular_city, uniq_kirke
D:14:     layout_roguey, erik_vaults_2
D:15:     grunt_enter_depths_hoard, layout_basic, nicolae_vehumet_radiance,
          serial_bayou, serial_bayou_pond_a, serial_bayou_lagoon_a,
          serial_bayou_pond_c, minmay_puff
Temple:   eino_temple_rhombus
Lair:1:   layout_small_grid, hangedman_lair_generics_rect, lemuel_fruit_fields,
          grunt_megastairs_4
Lair:2:   layout_chaotic_city, infiniplex_staircase_pool
Lair:3:   layout_roguey, palyth_hydra_swamp_entry,
          nicolae_spider_entry_non_spiders, uniq_gastronok
Lair:4:   layout_concentric_octagons, grunt_megastairs_3
Lair:5:   hangedman_lair_tendril_chambers, layout_loops_ring,
          dpeg_slime_entry_corner
Swamp:1:  gammafunk_worm_tunnel, layout_basic_swamp, nicolae_swamp_tree_designs,
          uniq_donald
Swamp:2:  layout_basic_swamp, hangedman_swamp_ruin_wall
Swamp:3:  layout_basic_swamp, evilmike_swamp_ruin_house_5, swamp_pool1,
          uniq_aizul, uniq_jorgrun
Swamp:4:  byrel_swamp_growth_death_and_undeath, layout_basic_swamp,
          uniq_mlioglotl
Spider:1: nicolae_spider_jumping_over_cracks
          [nicolae_spider_jumping_sub_no_exit,
          nicolae_spider_jumping_sub_shuffled,
          nicolae_spider_jumping_sub_narrow, nicolae_spider_jumping_sub_lake],
          hangedman_spider_tarantella_strand
Spider:2: layout_chambers, hellmonk_motheaten_closet
Spider:3: layout_spider_delve, special_room [special_room_bee]
Spider:4: guppyfry_spider_rune, nicolae_spider_bug_shape, uniq_nikola
Slime:1:  layout_caves
Slime:2:  layout_caves, nicolae_slime_welcoming_committee
Slime:3:  cheibrodos_slime_lost_civilization_2, layout_caves
Slime:4:  layout_caves
Slime:5
Orc:1:    layout_diamond_mine, uniq_fannar
Orc:2:    st_orc_elflike, layout_caves, bh_open_orc_temple, uniq_josephine
Elf:1:    eino_elf_arrival_shootout, layout_loops_corners, serial_shops,
          nicolae_lakefront_shop, nicolae_shop_hallway_stairs, shop,
          basic_altar, minmay_elf_annihilation
Elf:2:    elven_hall_of_blades_hangedman_alternative
          [nicolae_blade_little_rooms], layout_rooms, serial_shops, shop
Elf:3:    minmay_elf_hall_furrowed, layout_geoelf_diagonals, minmay_shop_grove
Vaults:1: portal_desolation_entry_garden, v_misc_30, vaults_room_stairs_pillars,
          v_alt_pattern_6, vaults_room_semicircle, vaults_room_glass_cross,
          nicolae_vaults_little_squares_4, nicolae_vaults_border_crossing,
          layout_vaults_omnigrid
Vaults:2: blue_anna_dwarven_crypt, ontoclasm_vaults_misaligned,
          hangedman_vaults_impose, ontoclasm_vaults_bender,
          nicolae_vaults_network_square, nicolae_vaults_shelves_hall,
          ontoclasm_vaults_decontamination, grunt_vaults_funnel,
          vaults_standard_mumra_x, v_misc_2, nicolae_vaults_what_the_h,
          v_misc_15, layout_vaults_omnicross, serial_shops,
          nicolae_shop_statue_plus
Vaults:3: grunt_vaults_funneled_arena, hangedman_vaults_slither,
          ontoclasm_vaults_claustrophobia, vaults_room_pool, vaults_dpeg_ring,
          vaults_room_grunt_arrival_ludios, vaults_room_semicircle,
          layout_vaults_chaotic_city, serial_shops,
          nicolae_shop_window_shopping, nicolae_trove_entry_crossroad
Vaults:4: ontoclasm_vaults_ring_square, vaults_dpeg_diagonal,
          dpeg_vaults_monster_row, vaults_dpeg_cross, v_misc_9, v_misc_26,
          nicolae_vaults_network_periphery, nicolae_vaults_big_angled_halls,
          nicolae_vaults_little_squares_6, vaults_room_octagon, v_pattern_1,
          v_alt_pattern_4, dpeg_vaults_waves, nicolae_vaults_three_branches,
          layout_vaults_omnibox, uniq_boris
Vaults:5: serial_shops, uniq_frederick
Crypt:1:  lemuel_minitomb, layout_regular_city, grunt_crypt_arrival_split
Crypt:2:  layout_misc_corridors, st_stairs_12
Crypt:3:  lightli_unholy_cathedral, layout_chaotic_city,
          tomb_entry_simple_bobbens, lemuel_nasty_fountain, grunt_megastairs_2
Depths:1: layout_gridville, grunt_hell_entry_dis_mu, evilmike_ambush
          [evilmike_ambush_outer_basic, evilmike_ambush_inner_basic],
          minmay_shoptagon, serial_bayou_shore_a
Depths:2: gammafunk_mikee_crab_dinner, layout_basic, pan_entry, abyss_entry,
          kennysheep_another_room, hell_entry, slow_altar_2,
          infiniplex_staircase_star
Depths:3: minmay_guarded_unrand_guard, layout_gridlike, enter_ziggurat_f,
          abyss_entry, grunt_mini_vestibule, nicolae_qazlal_eye_of_the_storm
Depths:4: grunt_zot_entry_tricorne, layout_long_grid, hangedman_decor_lopped,
          abyss_entry_small_statue_room, hell_entry, minmay_shop_star
Zot:1:    layout_misc_corridors, hangedman_spider_trapstep
Zot:2:    layout_twisted_circle, nrook_zot_tub
Zot:3:    layout_misc_corridors, ebering_ghost_disaster_area
Zot:4:    kennysheep_six_static_rooms, layout_gridlike, uniq_vv
Zot:5:    layout_concentric_octagons

Skill      XL: |  1  2  3  4  5  6  7  8  9 10 11 12 13 14 15 16 17 18 19 20 21 22 23 24 25 26 27 |
---------------+----------------------------------------------------------------------------------+-----
Long Blades    | 3 |  3.0
Dodging        | 3 4 6 7 8 9 11 12 13 15 | 15.4
Unarmed Combat | 1 2 3 4 6 7 8 9 11 12 14 15 16 18 19 21 | 21.9
Fighting       | 3 4 5 6 8 9 10 11 14 15 16 17 18 20 21 23 24 | 24.8
Armour         | 1 2 3 7 8 10 11 12 14 | 14.6
Throwing       | 2 3 |  3.0
Spellcasting   | 1 2 4 6 |  6.5
Hexes          | 4 6 7 11 | 11.5
Stealth        | 1 3 5 6 7 8 |  8.5
Transmutations | 1 5 6 7 11 13 15 16 17 18 19 20 | 20.0
Ice Magic      | 1 4 5 7 8 |  8.6
Evocations     | 1 2 5 |  5.0
Summonings     | 1 2 |  2.1
Shields        | 5 12 | 12.1
Translocations | 2 3 |  3.0

Action                     |  1- 3 |  4- 6 |  7- 9 | 10-12 | 13-15 | 16-18 | 19-21 | 22-24 | 25-27 || total
---------------------------+-------+-------+-------+-------+-------+-------+-------+-------+-------++-------
  Melee: Long sword        |    20 |       |       |       |       |       |       |       |       ||    20
         Unarmed           |   148 |   174 |   366 |   475 |  1063 |  2013 |  1081 |  1517 |  1177 ||  8014
         Punch             |     3 |     4 |    16 |    47 |    57 |    25 |   112 |    80 |   160 ||   504
         Tailslap          |       |       |       |       |       |       |    44 |    66 |    13 ||   123
         Bite              |       |       |       |       |       |       |    32 |    58 |    11 ||   101
  Throw: Dart              |       |     5 |    17 |     8 |       |       |       |       |       ||    30
         Throwing net      |       |     2 |       |       |       |       |       |       |       ||     2
         Javelin           |       |       |       |       |       |     2 |       |       |       ||     2
   Cast: Slow              |       |       |       |     7 |       |    28 |     1 |       |       ||    36
         Frozen Ramparts   |       |       |       |     2 |    25 |    23 |     2 |       |       ||    52
         Ice Form          |       |       |       |     2 |    13 |     4 |       |       |       ||    19
         Confusing Touch   |       |       |       |       |     3 |     1 |       |       |       ||     4
         Blade Hands       |       |       |       |       |       |    37 |    79 |    17 |    82 ||   215
         Ozocubu's Armour  |       |       |       |       |       |       |     3 |       |     1 ||     4
         Dragon Form       |       |       |       |       |       |       |    31 |    31 |    16 ||    78
 Invoke: Curse Item        |       |       |     2 |     6 |     2 |     2 |     3 |       |     3 ||    18
         Shatter the Chain |       |       |       |       |     2 |     3 |     2 |     1 |     2 ||    10
  Evoke: Wand              |       |       |       |     9 |       |       |     1 |     1 |     3 ||    14
         Tin of tremorston |       |       |       |       |     1 |       |       |     2 |       ||     3
         Condenser vane    |       |       |       |       |       |       |     1 |     3 |     1 ||     5
    Use: Scroll            |     4 |     4 |     5 |     3 |     3 |     9 |     6 |     8 |     5 ||    47
         Potion            |     1 |       |     1 |     9 |       |     5 |     2 |    13 |    13 ||    44
   Stab: Sleeping          |       |       |     2 |    14 |    30 |    25 |     9 |     8 |     6 ||    94
         Distracted        |       |       |       |     2 |     2 |     1 |     4 |     9 |     4 ||    22
         Invisible         |       |       |       |     2 |       |       |       |     2 |       ||     4
         Confused          |       |       |       |       |     1 |       |       |       |       ||     1
 Armour: Leather armour    |    32 |       |       |       |       |       |       |       |   213 ||   245
         Plate armour      |    16 |    58 |       |       |       |       |       |       |       ||    74
         Robe              |       |    39 |   103 |   143 |   138 |       |       |       |       ||   423
         Skin              |       |       |       |     5 |    31 |    30 |    81 |   115 |    49 ||   311
         Ring mail         |       |       |       |       |    50 |  1015 |   345 |   218 |    79 ||  1707
  Dodge: Dodged            |    89 |   100 |   179 |   388 |   633 |  1103 |   527 |   551 |   688 ||  4258
  Block: Kite shield       |       |       |       |       |   187 |  1565 |   210 |   870 |   307 ||  3139
         Other             |       |       |       |       |       |       |       |    14 |    16 ||    30
         Reflection        |       |       |       |       |       |       |       |    15 |       ||    15

Table legend: (Time is in decaauts)
 A = Elapsed time spent in this place.
 B = Non-inter-level travel time spent in this place.
 C = Inter-level travel time spent in this place.
 D = Time resting spent in this place.
 E = Time spent auto-exploring this place.
 F = Levels seen in this place.
 G = Mean time per level.
                   A        B        C        D        E       F      G
               +--------+--------+--------+--------+--------+-----+--------+
         Total |  71493 |  62397 |   9096 |  10388 |  31153 |  65 | 1099.9 |
       Dungeon |  17408 |  13535 |   3873 |   1076 |   8814 |  15 | 1160.5 |
        Temple |    213 |    174 |     39 |      0 |    119 |   1 |  213.0 |
          Lair |   6230 |   5423 |    807 |    522 |   3422 |   5 | 1246.0 |
         Swamp |   4633 |   4492 |    141 |   1214 |   1666 |   4 | 1158.2 |
   Spider Nest |   4936 |   4696 |    240 |    894 |   2062 |   4 | 1234.0 |
    Slime Pits |   2460 |   2407 |     53 |   1335 |     87 |   5 |  492.0 |
  Orcish Mines |   2328 |   1205 |   1123 |     24 |    800 |   2 | 1164.0 |
   Elven Halls |   4770 |   3650 |   1120 |    398 |   1914 |   3 | 1590.0 |
        Vaults |   8742 |   7931 |    811 |   1078 |   4641 |   5 | 1748.4 |
         Crypt |   3627 |   3500 |    127 |    997 |   1661 |   3 | 1209.0 |
        Depths |   6338 |   5912 |    426 |   1032 |   3533 |   4 | 1584.5 |
           Zot |   5801 |   5469 |    332 |   1152 |   2037 |   5 | 1160.2 |
         Abyss |   1239 |   1239 |      0 |     66 |      0 |   6 |  206.5 |
        Bailey |    470 |    470 |      0 |     95 |      6 |   1 |  470.0 |
      Ice Cave |    710 |    710 |      0 |     86 |    167 |   1 |  710.0 |
    Desolation |   1581 |   1581 |      0 |    417 |    224 |   1 | 1581.0 |
               +--------+--------+--------+--------+--------+-----+--------+

Top non-repeatable levels by time:
   Elf:3: 2137 daAuts
Vaults:4: 2044 daAuts
Vaults:5: 2023 daAuts
    D:11: 1969 daAuts
Depths:4: 1950 daAuts
   Elf:1: 1948 daAuts
   Zot:4: 1873 daAuts
Vaults:1: 1765 daAuts
 Swamp:4: 1762 daAuts
  Lair:3: 1644 daAuts
Depths:2: 1617 daAuts
Spider:2: 1608 daAuts
Desolation: 1581 daAuts
    D:15: 1497 daAuts
     D:2: 1495 daAuts
